 Dungeon Crawl Stone Soup version 0.27.1 (webtiles) character file.

Game seed: 14511130089338533434

526 funkygono the Firebug (level 7, -4/36 HPs)
             Began as a Gargoyle Fire Elementalist on Aug 29, 2021.
             Slain by a killer bee (7 damage)
             ... on level 4 of the Dungeon.
             The game lasted 00:09:24 (5050 turns).

funkygono the Firebug (Gargoyle Fire Elementalist)  Turns: 5050, Time: 00:09:25

Health: -4/36      AC:  9    Str: 12    XL:     7   Next: 23%
Magic:  10/13      EV: 12    Int: 17    God:
Gold:   138        SH:  0    Dex: 10    Spells: 6/14 levels left

rFire    + . .     SeeInvis .   n - +0 whip
rCold    . . .     Faith    .   (no shield)
rNeg     + . .     Spirit   .   a - +0 robe
rPois    ∞         Reflect  .   (no helmet)
rElec    +         Harm     .   d - +2 cloak
rCorr    .         Rampage  .   (no gloves)
Will     .....                  (no boots)
Stlth    ++........             (no amulet)
HPRegen  0.12/turn              c - ring of protection from fire
MPRegen  0.13/turn              (no ring)

@: no status effects
A: sickness immunity, AC +4, negative energy resistance 1, electricity
resistance, torment resistance 1, petrification resistance
a: no special abilities


You were on level 4 of the Dungeon.
You visited 1 branch of the dungeon, and saw 4 of its levels.

You collected 138 gold pieces.

Inventory:

Hand Weapons
 b - a +0 club
 g - a +0 flail
 n - a +0 whip (weapon)
Missiles
 f - 82 stones
Armour
 a - a +0 robe (worn)
 d - a +2 cloak (worn)
 i - a +0 leather armour of cold resistance
Jewellery
 c - a ring of protection from fire (left hand)
 j - an amulet of guardian spirit
Scrolls
 e - a scroll of amnesia
 k - a scroll of enchant armour
 m - a scroll of fear {unknown}
 q - 2 scrolls of brand weapon {unknown}
 r - a scroll of immolation {unknown}
Potions
 h - a potion of curing {unknown}
 l - a potion of flight {unknown}
 o - a potion of mutation {unknown}
 p - a potion of heal wounds {unknown}


   Skills:
 + Level 0.2 Fighting
 + Level 1.9 Dodging
 - Level 2.1 Stealth
 * Level 4.4 Spellcasting
 * Level 3.8 Conjurations
 * Level 5.4 Fire Magic


You had 6 spell levels left.
You knew the following spells:

 Your Spells              Type           Power      Damage    Failure   Level
a - Foxfire               Conj/Fire      76%        2x1d7     2%          1
b - Conjure Flame         Conj/Fire      19%        6-21      7%          3
c - Sticky Flame          Conj/Fire      19%        2d4       22%         4

Your spell library contained the following spells:

 Spells                   Type           Power      Damage    Failure   Level
 Inner Flame              Hex/Fire       13%        N/A       14%         3
 Animate Skeleton         Necr           6%         N/A       16%         1
 Apportation              Tloc           6%         N/A       16%         1
 Corona                   Hex            3%         N/A       16%         1
 Pain                     Necr           12%        1d4       16%         1
 Summon Small Mammal      Summ           12%        N/A       16%         1
 Stone Arrow              Conj/Erth      20%        3d8       21%         3
 Vampiric Draining        Necr           1%         2d6       41%         3
 Fireball                 Conj/Fire      9%         3d6       52%         5
 Animate Armour           Summ/Erth      6%         N/A       83%         4
 Lehudib's Crystal Spear  Conj/Erth      5%         10d3      100%        8


Dungeon Overview and Level Annotations

Branches:
Dungeon (4/15)
 Temple: D:4-7

Altars:
Nemelex Xobeh
Ru
Xom

Shops:
D:2 !   D:4 :


Innate Abilities, Weirdness & Mutations

You are immune to sickness and miasma.
Your stone body is resilient. (AC +4)
You are immune to poison.
You resist negative energy. (rN+)
You are resistant to electric shocks. (rElec)
You are resistant to unholy torment.
You are immune to petrification.


Message History

The killer bee stings you but does no damage.
The killer bee completely misses you.
Unknown command.
You miss the killer bee.
The killer bee is almost dead.
The killer bee closely misses you. The killer bee stings you.
* * * LOW HITPOINT WARNING * * *
The killer bee stings you but does no damage.
You miss the killer bee.
The killer bee is almost dead.
The killer bee stings you.
* * * LOW HITPOINT WARNING * * *
The killer bee stings you but does no damage.
Your foxfire dissipates!
The killer bee stings you but does no damage.
Casting: Foxfire (safe; 2% risk of failure)
Confirm with . or Enter, or press ? or * to list all spells.
The spell is extremely dangerous to cast (24% risk of failure)!
Continue anyway?
Aiming: Sticky Flame (extremely dangerous; 24% risk of failure)
Press: ? - help, Shift-Dir - straight line, f - killer bee
Aim: a killer bee (almost dead, 100% to hit)
The sticky flame hits the killer bee.
You kill the killer bee!
Unknown command.
You start resting.
A killer bee is nearby!
A killer bee is nearby!
Okay, then.
Okay, then.
Found a leather armour.
A killer bee comes into view.
Found a murky pink potion.
The killer bee barely misses you. The killer bee misses you.
Found 9 gold pieces.
The killer bee stings you.
* * * LOW HITPOINT WARNING * * *
Unknown command.
The killer bee stings you but does no damage.
The killer bee completely misses you. The killer bee stings you!
You die...

#...#.#..##.##.#########
###+#y#.#.#..##.............
#.....#.#.#..##....#########
#..y.y#.#.#..##....#.......'
#.....#.#.#..##....#.#######
#.....#.#.#..#..............
#..[...y..#...†....#.#######
....##.############.#
#.......yyy@......##.#
......#!#########.##.#######
#####.#.# #......... # #.$
..#..####### #.# #.#..# #
#.# #.#∩.# # ### #.#..# #
#.#..# # #(#..# #


You could see 3 killer bees.

Vanquished Creatures
  Sigmund (D:4)
  2 scorpions (D:4)
  A killer bee (D:4)
  A bullfrog skeleton (D:4)
  An orc priest (D:3)
  A hound skeleton (D:4)
  4 adders
  3 gnolls (D:4)
  3 adder skeletons (D:4)
  2 worms
  2 dart slugs
  2 orcs (D:3)
  4 ball pythons
  4 bats
  3 endoplasms
  A giant cockroach (D:2)
  3 goblins
  8 hobgoblins
  2 quokkas
  3 frilled lizards
  4 kobolds
  4 rats
59 creatures vanquished.

Vanquished Creatures (others)
  3 demonic plants (D:1)
  262 foxfires
  2 fungi (D:1)
  3 plants (D:1)
  A withered plant (D:1)
271 creatures vanquished.

Grand Total: 330 creatures vanquished

Notes
Turn   | Place    | Note
-------+----------+-------------------------------------------
     0 | D:1      | funkygono the Gargoyle Fire Elementalist began the quest
                  | for the Orb.
     0 | D:1      | Reached XP level 1. HP: 10/10 MP: 3/3
   182 | D:1      | Reached XP level 2. HP: 12/15 MP: 3/5
   252 | D:1      | Found a faded altar of an unknown god.
   948 | D:2      | Reached XP level 3. HP: 19/19 MP: 2/6
   952 | D:2      | Learned a level 3 spell: Conjure Flame
  1537 | D:2      | Found Jusy's Distillery.
  2325 | D:3      | Reached skill level 4 in Fire Magic
  2417 | D:3      | Reached XP level 4. HP: 23/24 MP: 0/7
  2422 | D:3      | Learned a level 4 spell: Sticky Flame
  2612 | D:3      | Found a shimmering altar of Xom.
  2612 | D:3      | Found a sparkling altar of Nemelex Xobeh.
  2612 | D:3      | Found a sacrificial altar of Ru.
  3845 | D:4      | Reached XP level 5. HP: 28/28 MP: 5/9
  4174 | D:4      | Noticed Sigmund
  4191 | D:4      | Killed Sigmund
  4192 | D:4      | Reached XP level 6. HP: 19/32 MP: 2/11
  4522 | D:4      | Reached skill level 5 in Fire Magic
  4841 | D:4      | Found Nihe's Book Boutique.
  4947 | D:4      | Reached XP level 7. HP: 30/36 MP: 5/13
  5050 | D:4      | Slain by a killer bee

Illustrated notes

Levels and vault maps discovered:
D:1:      lightli_arrival_chessboard, layout_loops_ring,
          shapermc_ecumenical_altar_gd, grunt_decor_arrowhead,
          chequers_serial_rivers_room_a, skrybe_limestone_x
D:2:      layout_basic, serial_shops, nicolae_shop_statue_plus
D:3:      layout_loops_cross, chequers_temple_overflow_statue_of_worship
D:4:      layout_basic, serial_shops, shop, uniq_sigmund

Skill      XL: |  1  2  3  4  5  6 |
---------------+-------------------+-----
Fire Magic     | 4 5 |  5.4
Conjurations   | 2 3 |  3.8
Spellcasting   | 3 4 |  4.4
Fighting       | |  0.2
Dodging        | |  1.9
Stealth        | |  2.1

Action                   |  1- 3 |  4- 6 |  7- 9 || total
-------------------------+-------+-------+-------++-------
Melee: Unarmed           |     6 |       |       ||     6
       Club              |    32 |     1 |       ||    33
       Flail             |       |     1 |       ||     1
       Whip              |       |     5 |     4 ||     9
 Cast: Foxfire           |    48 |    98 |     3 ||   149
       Sticky Flame      |       |       |     1 ||     1
  Use: Scroll            |     6 |     1 |       ||     7
Armor: Robe              |    12 |     7 |     5 ||    24
Dodge: Dodged            |    22 |    24 |    11 ||    57
